 Dungeon Crawl Stone Soup version 0.29.0-11-gd7f09526c8 (webtiles) character file.

Game seed: 1076565860620499965

2662 LustLizard the Magician (level 9, -9/52 HPs)
             Began as a Djinni Ice Elementalist on Sept 3, 2022.
             Was a Follower of Hepliaklqana.
             Killed from afar by Erica (16 damage)
             ... with an iceblast
             ... on level 8 of the Dungeon.
             The game lasted 00:18:23 (9617 turns).

LustLizard the Magician (Djinni Ice Elementalist)   Turns: 9617, Time: 00:18:24

Health: -9/52      AC: 12    Str:  7    XL:     9   Next: 94%
Gold:   275        EV: 12    Int: 28    God:    Hepliaklqana [*.....] SH:  0 Dex: 17

rFire   + + +      SeeInvis .   B - +10 spear of Egomania {freeze, rF+}
rCold   x . .      Faith    .   (no shield)
rNeg    . . .      Spirit   .   c - +0 leather armour
rPois   ∞          Reflect  .   (no helmet)
rElec   .          Harm     .   (no cloak)
rCorr   .          Rampage  .   q - +2 pair of gloves of Hotwir {Dex+4}
Will    .....                   (boots unavailable)
Stlth   +++.......              (no amulet)
HPRegen 0.17/turn               F - +6 ring of intelligence
MPRegen 0.00/turn               (no ring)

@: ice-armoured, flying
A: reduced essence, sickness immunity, fire resistance 2, cold vulnerability 1,
float, innate caster, HP casting, extra vitality 1
a: Renounce Religion, Recall Ancestor, Ancestor Identity


You were on level 8 of the Dungeon.
You worshipped Hepliaklqana.
Hepliaklqana was aware of your devotion.
You visited 2 branches of the dungeon, and saw 9 of its levels.

You collected 374 gold pieces.
You spent 99 gold pieces at shops.

Inventory:

Hand Weapons
 b - a +0 dagger
 f - a +1 dagger of holy wrath
 m - a +2 sling of freezing
 o - a +6 dagger of electrocution
 B - the +10 spear of Egomania (weapon) {freeze, rF+}
   (You found it on level 6 of the Dungeon)

   It freezes those it strikes, dealing additional cold damage.
   It can also slow down cold-blooded creatures.
   rF:        It protects you from fire.
Armour
 a - a +0 robe
 c - a +0 leather armour (worn)
 q - the +2 pair of gloves of Hotwir (worn) {Dex+4}
   (You found it on level 2 of the Dungeon)

   Dex:       It affects your dexterity (+4).
Jewellery
 F - a +6 ring of intelligence (left hand)
Wands
 t - a wand of flame (17)
 y - a wand of digging (3)
 C - a wand of polymorph (7)
Scrolls
 e - 3 scrolls of vulnerability {unknown}
 g - 3 scrolls of amnesia {unknown}
 i - 3 scrolls of enchant armour {unknown}
 j - 5 scrolls of teleportation
 k - 2 scrolls of magic mapping {unknown}
 l - 2 scrolls of noise {unknown}
 s - 2 scrolls of fear {unknown}
 u - a scroll of blinking {unknown}
 A - 2 scrolls of torment {unknown}
 G - a scroll of enchant weapon {unknown}
Potions
 d - 2 potions of might
 h - 4 potions of lignification
 n - 2 potions of flight
 p - 3 potions of ambrosia
 r - a potion of attraction
 v - 2 potions of magic {unknown}
 w - 4 potions of cancellation
 x - 2 potions of curing {unknown}
 z - 2 potions of heal wounds {unknown}
 D - a potion of resistance {unknown}
 E - a potion of brilliance {unknown}


   Skills:
 - Level 2.0 Fighting
 - Level 3.3 Short Blades
 * Level 4.1 Polearms
 - Level 0.7 Ranged Weapons
 - Level 2.1 Dodging
 - Level 4.0 Stealth
 * Level 6.6 Spellcasting
 * Level 6.4 Evocations


You couldn't memorise any spells.
You knew the following spells:

 Your Spells              Type           Power      Damage    Failure   Level
a - Freeze                Ice            100%       1d11      1%          1
b - Frozen Ramparts       Ice            92%        1d14      1%          3
c - Ozocubu's Armour      Ice            46%        N/A       1%          3
d - Hailstorm             Conj/Ice       46%        3d11      5%          4
e - Magic Dart            Conj           100%       1d8       1%          1
f - Static Discharge      Conj/Air       46%        3-9/arc   1%          2
g - Portal Projectile     Hex/Tloc       92%        N/A       1%          3
h - Ice Form              Ice/Tmut       46%        N/A       5%          4
Your spell library was empty.

Dungeon Overview and Level Annotations

Branches:
Dungeon (8/15)             Temple (1/1) D:7
   Lair: D:8-11

Altars:
Ashenzari
Cheibriados
Dithmenos
Elyvilon
Fedhas
Gozag
Hepliaklqana
Makhleb
Nemelex Xobeh
Okawaru
Qazlal
Trog
Uskayaw
Wu Jian
Xom
Zin
The Shining One

Shops:
D:5 ?   D:7 !

Annotations:
D:8 Erica


Innate Abilities, Weirdness & Mutations

Your life essence is reduced to manifest your ancestor. (-10% HP)
You are immune to sickness and miasma.
You are immune to poison.
Your flesh is very heat resistant. (rF++)
You are vulnerable to cold. (rC-)
You float through the air rather than walking.
You learn spells naturally, not from books.
Your magical power is your life essence.
You have superior vitality. (+4 MHP)


Message History

You hit Maggie but do no damage.
Maggie is almost dead.
Maggie casts a spell at you. The bolt of fire hits you. You resist.
Something hits you but does no damage. The heat melts your icy armour.
You puncture Maggie! You freeze Maggie.
You break out of your daze!
You kill Maggie!
Something barely misses you.
Your Polearms skill increases to level 4!
Your icy armour will break if you move.
Continue? [Y]es or [N]o only, please.
Your icy armour will break if you move.
Continue? [Y]es or [N]o only, please.
Your icy armour will break if you move.
Continue?
You puncture something! You freeze something.
Your icy armour will break if you move.
Continue?
You miss something. Something hits you but does no damage.
Your icy armour will break if you move.
Continue?
You barely miss something.
You hear some strange, mumbled words.
A lance of force appears from out of thin air!
The lance of force misses you.
Your icy armour will break if you move.
Continue?
You puncture something! Something hits you. The heat melts your icy armour.
Your icy armour will break if you move.
Continue?
You barely miss something. Something hits you!
* * * LOW HITPOINT WARNING * * *
The heat melts your icy armour.
Your icy armour will break if you move.
Continue?
You puncture something! You freeze something.
You hear some strange, mumbled words.
Something tries to affect you, but you resist.
Your icy armour will break if you move.
Continue?
You barely miss something.
You hear a zap.
An iceblast appears from out of thin air!
The mass of ice explodes!
The iceblast engulfs you!
You feel a painful chill!
You die...

#............
#........~...
........≈..~ ..
......≈....
..###...~~~....
...............
.......{....$..
....?.)@.......
........######.
........#....#
.............#
.............#.
...............
..).......####.
######..<.+
##.######.)).#


There were no monsters in sight!

Vanquished Creatures
  Maggie (D:8)
  Menkaure (D:6)
  A water moccasin (D:7)
  2 orc warriors (D:7)
  3 ice beasts
  A sky beast (D:7)
  A black bear (D:5)
  A phantom (D:4)
  3 kobold brigands
  4 bullfrogs
  A scorpion (D:4)
  3 necrophages
  A howler monkey (D:5)
  An electric eel (D:8)
  3 hounds (D:5)
  4 jellies
  2 orc priests (D:5)
  Jessica (D:2)
  3 iguanas
  An orc wizard (D:7)
  8 adders
  4 gnolls (D:2)
  2 shadow imps
  2 ufetubi
  A worm (D:4)
  2 dart slugs
  14 orcs
  5 ball pythons
  4 bats
  7 endoplasms
  6 giant cockroaches
  6 goblins
  6 hobgoblins
  4 jackals
  18 kobolds
  4 quokkas
  8 frilled lizards
  9 rats
148 creatures vanquished.

Vanquished Creatures (collateral kills)
  4 kobolds (D:8)
4 creatures vanquished.

Vanquished Creatures (others)
  An ancestor (D:8)
  A plant (D:1)
2 creatures vanquished.

Grand Total: 154 creatures vanquished

Notes
Turn   | Place    | Note
-------+----------+-------------------------------------------
     0 | D:1      | LustLizard the Djinni Ice Elementalist began the quest for
                  | the Orb.
     0 | D:1      | LustLizard set off with the following spells memorised:
                  | Freeze, Frozen Ramparts, Ozocubu's Armour, Hailstorm.
     0 | D:1      | Reached XP level 1. HP: 15/15 MP: 0/0
   280 | D:1      | Reached XP level 2. HP: 13/21 MP: 0/0
   652 | D:1      | Found a faded altar of an unknown god.
   671 | D:1      | Reached XP level 3. HP: 15/25 MP: 0/0
   671 | D:1      | Learned a level 1 spell: Magic Dart
  1921 | D:2      | Reached XP level 4. HP: 29/31 MP: 0/0
  1966 | D:2      | Noticed Jessica
  1971 | D:2      | Killed Jessica
  2426 | D:2      | Reached XP level 5. HP: 16/36 MP: 0/0
  2426 | D:2      | Learned a level 2 spell: Static Discharge
  2427 | D:2      | Reached skill level 1 in Fighting
  2616 | D:2      | Identified the +2 pair of gloves of Hotwir {Dex+4}
  4158 | D:4      | Found a broken altar of Ashenzari.
  4279 | D:4      | Reached XP level 6. HP: 40/43 MP: 0/0
  4394 | D:4      | Reached skill level 1 in Evocations
  4423 | D:4      | Reached skill level 1 in Short Blades
  4719 | D:4      | Reached XP level 7. HP: 48/49 MP: 0/0
  4719 | D:4      | Learned a level 3 spell: Portal Projectile
  5182 | D:5      | Entered Level 5 of the Dungeon
  5567 | D:5      | Reached skill level 5 in Spellcasting
  5803 | D:5      | Reached XP level 8. HP: 44/54 MP: 0/0
  5862 | D:5      | Found Xalesom's Magic Scroll Emporium.
  5866 | D:5      | Bought a scroll of teleportation for 33 gold pieces
  5866 | D:5      | Bought a scroll of identify for 22 gold pieces
  5869 | D:5      | Bought a scroll of identify for 22 gold pieces
  5869 | D:5      | Bought a scroll of identify for 22 gold pieces
  6191 | D:5      | Found a sparkling altar of Nemelex Xobeh.
  6676 | D:6      | Identified the +10 spear of Egomania {freeze, rF+}
  6938 | D:6      | Reached skill level 1 in Polearms
  7072 | D:6      | Noticed Menkaure
  7081 | D:6      | Killed Menkaure
  7244 | D:6      | Reached XP level 9. HP: 50/58 MP: 0/0
  7244 | D:6      | Learned a level 4 spell: Ice Form
  7724 | D:7      | Reached skill level 5 in Evocations
  7913 | D:7      | Found a staircase to the Ecumenical Temple.
  7919 | Temple   | Entered the Ecumenical Temple
  8094 | Temple   | Became a worshipper of Hepliaklqana the Forgotten
  8554 | D:7      | Found a glowing golden altar of the Shining One.
  8576 | D:7      | Found Silil's Distillery.
  8778 | D:7      | Found a stormy altar of Qazlal.
  8963 | D:7      | Reached * piety under Hepliaklqana
  9592 | D:8      | Noticed Maggie
  9610 | D:8      | Killed Maggie
  9617 | D:8      | Killed from afar by Erica

Illustrated notes

Levels and vault maps discovered:
D:1:      elethiomel_arrival_maze, layout_basic,
          shapermc_ecumenical_altar_mp_ritualfount
D:2:      layout_rooms, minmay_misc_feat_plants, minivault_4, uniq_jessica
D:3:      layout_basic, minmay_liquid_box
D:4:      layout_basic, ashenzari_altar_1
D:5:      layout_loops_ring, nicolae_overflow_hidden_temple, serial_shops, shop
D:6:      layout_loops_cross, uniq_menkaure
D:7:      layout_basic, marbit_many_paths, grunt_qazlal_clouds,
          minmay_temple_entry_fiery, serial_shops,
          nicolae_shop_temple_entry_statues_fountains
D:8:      layout_basic, minmay_circle_x, uniq_pikel, uniq_prince_ribbit1,
          uniq_erica, uniq_maggie
Temple:   regret_index_temple_sphere_string

Skill      XL: |  1  2  3  4  5  6  7  8  9 |
---------------+----------------------------+-----
Stealth        | 2 3 4 |  4.0
Spellcasting   | 4 5 6 |  6.6
Fighting       | 1 2 |  2.0
Evocations     | 1 3 4 6 |  6.4
Short Blades   | 1 2 3 |  3.3
Polearms       | 2 4 |  4.1
Ranged Weapons | |  0.7
Dodging        | |  2.1

Action                   |  1- 3 |  4- 6 |  7- 9 || total
-------------------------+-------+-------+-------++-------
Melee: Dagger            |    20 |    26 |    43 ||    89
       Punch             |       |     1 |     3 ||     4
       Spear             |       |       |    90 ||    90
 Cast: Freeze            |    24 |       |       ||    24
       Magic Dart        |    50 |   109 |   137 ||   296
       Frozen Ramparts   |       |     2 |     7 ||     9
       Ozocubu's Armour  |       |     1 |    12 ||    13
       Hailstorm         |       |       |     1 ||     1
  Use: Scroll            |       |       |     6 ||     6
 Stab: Sleeping          |     3 |       |       ||     3
Armor: Robe              |    10 |     1 |    26 ||    37
       Leather armour    |       |       |     3 ||     3
Dodge: Dodged            |    34 |    15 |    53 ||   102
